 Dungeon Crawl Stone Soup version 0.14-a0-3194-g0089908 (console) character file.

332 winsbury the Chiller (level 5, -8/31 HPs)
             Began as a Halfling Ice Elementalist on Mar 11, 2014.
             Killed from afar by Sigmund (9 damage)
             ... with a puff of flame
             ... on Level 3 of the Dungeon.
             The game lasted 00:23:39 (3785 turns).

winsbury the Chiller (Halfling Ice Elementalist)    Turns: 3785, Time: 00:23:39

HP  -8/31        AC  3     Str  5      XL: 5   Next: 65%
MP   0/7         EV 15     Int 17      God:
Gold 176         SH  0     Dex 18      Spells:  3 memorised,  1 level left

rFire  . . .     SeeInvis .     a - +0 short sword
rCold  . . .     Clarity  .     g - +0 robe
rNeg   . . .     Conserve .     (no shield)
rPois  .         rCorr    .     (no helmet)
rElec  .         rRot     .     (no cloak)
SustAb . .       Spirit   .     (no gloves)
rMut   .         Warding  .     m - +0 pair of boots
Saprov . . .     Stasis   .     (no amulet)
MR     .....                    (no ring)
                                (no ring)

@: not resistant to hostile enchantments, stealthy
A: clever 1, mutation resistance 1, slow metabolism 1
a: no special abilities


You were on level 3 of the Dungeon.
You were hungry.

You visited 1 branch of the dungeon, and saw 3 of its levels.

You collected 176 gold pieces.

Inventory:

Hand weapons
 a - a +0,+0 short sword (weapon)
 b - a +0,+0 sling
 i - a +0,+0 trident
 k - a +2,+0 vampiric short sword
Missiles
 f - 13 sling bullets
 h - 41 stones (quivered)
 j - 6 tomahawks
Armour
 e - a +0 robe
 g - a +0 robe (worn)
 m - a +0 pair of boots (worn)
Comestibles
 c - 5 bread rations
 o - a choko
 p - an apple
 q - a meat ration
 r - a rotting chunk of orc flesh
Scrolls
 d - 4 scrolls of remove curse
 n - a scroll of teleportation {unknown}
 s - a scroll of amnesia {unknown}
Books
 l - a book of Frost

   Spells                             Type                      Level
   *Freeze                            Ice                          1
   *Throw Frost                       Conjuration/Ice              2
   *Ozocubu's Armour                  Charms/Ice                   3
   Throw Icicle                       Conjuration/Ice              4
   Summon Ice Beast                   Ice/Summoning                4
   Condensation Shield                Ice                          4


   Skills:
 - Level 2.4 Dodging
 - Level 2.6 Stealth
 - Level 1.5 Spellcasting
 - Level 0.7 Conjurations
 + Level 5.9 Ice Magic


You had one spell level left.
You knew the following spells:

 Your Spells              Type           Power        Failure   Level  Hunger
a - Freeze                Ice            ###.         1%          1    ##.....
b - Throw Frost           Conj/Ice       ##....       10%         2    ###....
c - Ozocubu's Armour      Chrm/Ice       ##........   21%         3    ####...


Dungeon Overview and Level Annotations

Branches:
Dungeon (3/16)

Altars:

Annotations:
D:3 Sigmund


Innate Abilities, Weirdness & Mutations

You are small and have problems with some larger weapons.
You are somewhat resistant to further mutation.
You have a slow metabolism.
Your mind is acute. (Int +2)


Message History

Casting: Freeze
Confirm with . or Enter, or press ? or * to list all spells.
Aiming: Freeze
Press: ? - help, Shift-Dir - straight line You freeze something.
Something hits you!
Casting: Freeze
Confirm with . or Enter, or press ? or * to list all spells.
Aiming: Freeze
Press: ? - help, Shift-Dir - straight line You freeze something.
Casting: Freeze
Confirm with . or Enter, or press ? or * to list all spells.
Aiming: Freeze
Press: ? - help, Shift-Dir - straight line You freeze something.
Something barely misses you. The magic dart hits you!
* * * LOW HITPOINT WARNING * * *
A puff of flame appears from out of thin air!
The puff of flame hits you!
You die...

# ###### . #....# . #....# .
#....#####
.#################.........
.................#....(.....
..#####.......##@#.g...g$...
....###..........#.##$......
#.#.#.........####.# .....
#.#.#...<.....# #.# ....
..#.#...!.....####.# ...
###)#......[.......# .
....########[#######
######## #.#
####...#####)#######..


There were no monsters in sight!

Vanquished Creatures
  An orc wizard (D:3)
  Ijyb (D:3)
  2 adders (D:2)
  An inept item mimic (D:3)
  A worm (D:2)
  3 giant geckos
  9 orcs
  3 ball pythons (D:1)
  3 giant cockroaches (D:1)
  9 hobgoblins
  A quokka (D:2)
  4 bats
  2 giant newts
  6 goblins
  4 jackals (D:1)
  7 kobolds
  15 rats
72 creatures vanquished.

Notes
Turn   | Place    | Note
--------------------------------------------------------------
     0 | D:1      | winsbury, the Halfling Ice Elementalist, began the quest for the Orb.
     0 | D:1      | Reached XP level 1. HP: 11/11 MP: 2/2
   325 | D:1      | Reached XP level 2. HP: 13/17 MP: 0/3
   330 | D:1      | Learned a level 2 spell: Throw Frost
   774 | D:1      | Reached skill level 4 in Ice Magic
   774 | D:1      | Reached XP level 3. HP: 17/21 MP: 5/5
  1941 | D:2      | Reached XP level 4. HP: 27/27 MP: 6/6
  1946 | D:2      | Learned a level 3 spell: Ozocubu's Armour
  2483 | D:2      | Reached skill level 5 in Ice Magic
  2557 | D:3      | Noticed Sigmund
  2962 | D:3      | Reached XP level 5. HP: 19/31 MP: 7/7
  3229 | D:3      | Gained mutation: Your mind is acute. (Int +2) [potion of beneficial mutation]
  3726 | D:3      | Noticed Ijyb
  3749 | D:3      | Killed Ijyb
  3782 | D:3      | HP: 1/31 [something/magic dart (11)]
  3785 | D:3      | Killed from afar by Sigmund

Action                   |  1- 3 |  4- 6 || total
-------------------------+-------+-------++-------
Melee: Unarmed           |     2 |       ||     2
       Short sword       |    49 |    80 ||   129
 Fire: Sling             |    22 |    22 ||    44
Throw: Stone             |     4 |    13 ||    17
 Cast: Freeze            |    44 |    33 ||    77
       Throw Frost       |       |     5 ||     5
  Use: Scroll            |     3 |     1 ||     4
       Potion            |       |     1 ||     1
 Stab: Sleeping          |       |     1 ||     1
       Distracted        |       |     1 ||     1
